 Dungeon Crawl Stone Soup version 0.28-a0-1629-gf728b707aa (webtiles) character file.

Game seed: 1712180572861384289

588 Minsecho the Chopper (level 7, 0/61 HPs)
             Began as a Hill Orc Fighter on Jan 25, 2022.
             Slain by a gnoll (3 damage)
             ... on level 4 of the Dungeon.
             The game lasted 00:04:58 (3776 turns).

Minsecho the Chopper (Hill Orc Fighter)             Turns: 3776, Time: 00:04:58

Health: 0/61       AC: 12    Str: 19    XL:     7   Next: 38%
Magic:  16/16      EV:  8    Int:  8    God:
Gold:   138        SH:  9    Dex: 12    Spells: 6/6 levels left

rFire   . . .      SeeInvis .   a - +0 war axe
rCold   . . .      Faith    .   h - +0 kite shield
rNeg    . . .      Spirit   .   b - +0 scale mail
rPois   .          Reflect  .   (no helmet)
rElec   .          Harm     .   o - +0 cloak
rCorr   .          Rampage  .   (no gloves)
Will    .....                   (no boots)
Stlth   ..........              (no amulet)
HPRegen 0.20/turn               p - +4 ring of protection
MPRegen 0.15/turn               r - ring of magical power

@: lit by a corona, glowing
A: no striking features
a: no special abilities


You were on level 4 of the Dungeon.
You visited 1 branch of the dungeon, and saw 4 of its levels.

You collected 138 gold pieces.

Inventory:

Hand Weapons
 a - a +0 war axe (weapon)
Armour
 b - a +0 scale mail (worn)
 c - a +0 buckler
 e - a +0 chain mail
 h - a +0 kite shield (worn)
 o - a +0 cloak (worn)
Jewellery
 p - a +4 ring of protection (left hand)
 r - a ring of magical power (right hand)
Wands
 l - a wand of iceblast (6)
Scrolls
 f - 2 scrolls of silence {unknown}
 g - 2 scrolls of fear {unknown}
 i - a scroll of enchant armour {unknown}
 k - 2 scrolls of fog {unknown}
 m - 2 scrolls of identify {unknown}
 n - a scroll of teleportation {unknown}
Potions
 d - 2 potions of might
 q - a potion of magic {unknown}
 s - a potion of berserk rage {unknown}


   Skills:
 + Level 5.1 Fighting
 + Level 6.8 Axes
 + Level 5.3 Armour
 + Level 1.3 Dodging
 + Level 4.4 Shields


You had 6 spell levels left.
You didn't know any spells.
Your spell library was empty.

Dungeon Overview and Level Annotations

Branches:
Dungeon (4/15)
 Temple: D:4-7

Altars:


Message History

You feel better.
The ball python bites you but does no damage.
The ball python constricts you.
The gnoll hits you but does no damage. x3
You block the ball python's attack. The ball python constricts you.
The gnoll shaman hits you with a +0 whip.
* * * LOW HITPOINT WARNING * * *
Unknown command.
You barely miss the gnoll shaman.
The gnoll shaman is heavily wounded.
You hit the gnoll. You hit the ball python. You closely miss the gnoll.
The gnoll hits you but does no damage. You block the gnoll's attack.
You block the ball python's attack. The ball python constricts you.
The gnoll hits you with a +0 whip.
* * * LOW HITPOINT WARNING * * *
The gnoll shaman invokes the aid of its god against you.
You are outlined in light.
The gnoll hits you with a +0 whip.
* * * LOW HITPOINT WARNING * * *
The gnoll hits you from afar with a +0 halberd.
* * * LOW HITPOINT WARNING * * *
You hit the gnoll shaman but do no damage.
The gnoll shaman is heavily wounded.
You slash the gnoll!
You kill the gnoll!
You hit the ball python.
You kill the ball python!
You hit the gnoll. The gnoll shaman barely misses you.
You block the gnoll's attack. x2
You hit the gnoll shaman.
The gnoll shaman is severely wounded.
You slash the gnoll!
You kill the gnoll!
The gnoll shaman calls upon its god to speed up the gnoll.
The gnoll seems to speed up.
You block the gnoll's attack.
The gnoll shaman hits you with a +0 whip.
* * * LOW HITPOINT WARNING * * *
You hit the gnoll shaman.
You kill the gnoll shaman!
You block the gnoll's attack.
The gnoll hits you from afar with a +0 halberd.
You die...

..........###.......####
........##.#........#..###
.........................#
..........##........##.###
.#................######
.#..............(..#
.#.............†g..#
...............)..##
................@)#
.........###...†))......
.......####............#
............#...........
...###..###.##..........
....#..# # ###........
.......# #.....#..
.......# ....#....
)..###.#


You could see a gnoll (fast).

Vanquished Creatures
  Grinder (D:3)
  A scorpion (D:4)
  A hound (D:3)
  A gnoll shaman (D:4)
  An orc priest (D:3)
  2 iguanas
  An orc wizard (D:3)
  5 adders
  7 gnolls
  3 worms (D:2)
  A dart slug (D:1)
  8 orcs
  7 ball pythons
  5 bats
  7 endoplasms
  6 giant cockroaches
  3 goblins (D:1)
  5 hobgoblins
  3 jackals (D:1)
  3 quokkas
  3 frilled lizards (D:3)
  6 kobolds
  4 rats
84 creatures vanquished.

Vanquished Creatures (others)
  A fungus (D:3)
1 creature vanquished.

Grand Total: 85 creatures vanquished

Notes
Turn   | Place    | Note
-------+----------+-------------------------------------------
     0 | D:1      | Minsecho the Hill Orc Fighter began the quest for the Orb.
     0 | D:1      | Reached XP level 1. HP: 19/19 MP: 1/1
    75 | D:1      | Reached XP level 2. HP: 8/27 MP: 2/2
   399 | D:1      | Reached skill level 3 in Axes
   670 | D:1      | Reached XP level 3. HP: 33/33 MP: 3/3
  1042 | D:2      | Reached skill level 4 in Axes
  1258 | D:2      | Reached XP level 4. HP: 27/41 MP: 4/4
  1967 | D:3      | Noticed Grinder
  2049 | D:3      | Found a faded altar of an unknown god.
  2052 | D:3      | Reached XP level 5. HP: 32/47 MP: 5/5
  2092 | D:3      | Paralysed by Grinder for 5 turns
  2257 | D:3      | Paralysed by Grinder for 4 turns
  2261 | D:3      | Killed Grinder
  2262 | D:3      | Reached skill level 5 in Axes
  2262 | D:3      | Reached skill level 1 in Dodging
  2262 | D:3      | Reached XP level 6. HP: 28/53 MP: 6/6
  2575 | D:3      | Reached skill level 5 in Armour
  2810 | D:3      | Reached skill level 6 in Axes
  3323 | D:4      | Reached skill level 5 in Fighting
  3376 | D:4      | Reached XP level 7. HP: 57/61 MP: 7/7
  3775 | D:4      | HP: 2/61 [gnoll shaman (4)]
  3776 | D:4      | Slain by a gnoll

Illustrated notes

Levels and vault maps discovered:
D:1:      kennysheep_arrival_forest, layout_rooms
D:2:      layout_basic
D:3:      layout_basic, shapermc_ecumenical_altar_acropolis, uniq_grinder
D:4:      layout_cave_pools, kennysheep_decorative_pillar

Skill      XL: |  1  2  3  4  5  6 |
---------------+-------------------+-----
Axes           | 3 4 5 6 |  6.8
Fighting       | 4 5 |  5.1
Armour         | 4 5 |  5.3
Dodging        | 1 |  1.3
Shields        | 4 |  4.4

Action                   |  1- 3 |  4- 6 |  7- 9 || total
-------------------------+-------+-------+-------++-------
Melee: War axe           |   102 |   128 |    46 ||   276
  Use: Potion            |       |       |     2 ||     2
Armor: Scale mail        |    46 |    66 |    40 ||   152
Dodge: Dodged            |    58 |    52 |    25 ||   135
Block: Buckler           |    18 |       |       ||    18
       Kite shield       |    20 |    66 |    36 ||   122

Table legend: (Time is in decaauts)
 A = Elapsed time spent in this place.
 B = Non-inter-level travel time spent in this place.
 C = Inter-level travel time spent in this place.
 D = Time resting spent in this place.
 E = Time spent auto-exploring this place.
 F = Levels seen in this place.
 G = Mean time per level.
                   A        B        C        D        E       F      G
               +--------+--------+--------+--------+--------+-----+--------+
         Total |   3893 |   3754 |    139 |   1364 |   1665 |   4 |  973.2 |
       Dungeon |   3893 |   3754 |    139 |   1364 |   1665 |   4 |  973.2 |
               +--------+--------+--------+--------+--------+-----+--------+

Top non-repeatable levels by time:
     D:3: 1250 daAuts
     D:1: 1091 daAuts
     D:2: 1050 daAuts
     D:4: 500 daAuts
